 Dungeon Crawl Stone Soup version 0.28-a0-1435-g82390b3a13 (webtiles) character file.

Game seed: 18024085331365616697

42 Hasart the Skirmisher (level 3, -1/26 HPs)
             Began as an Octopode Fighter on Jan 9, 2022.
             Slain by an adder (4 damage)
             ... on level 2 of the Dungeon.
             The game lasted 00:00:59 (707 turns).

Hasart the Skirmisher (Octopode Fighter)             Turns: 707, Time: 00:01:00

Health: -1/26      AC:  1    Str: 17    XL:     3   Next: 56%
Magic:  3/3        EV: 13    Int: 10    God:
Gold:   48         SH:  4    Dex: 11    Spells: 2/2 levels left

rFire   . . .      SeeInvis .   a - +0 trident
rCold   . . .      Faith    .   b - +0 buckler
rNeg    . . .      Spirit   .   (helmet restricted)
rPois   .          Reflect  .   (no amulet)
rElec   .          Harm     .   (no ring)
rCorr   .          Rampage  .   (no ring)
Will    .....                   (no ring)
Stlth   ++........              (no ring)
HPRegen 0.08/turn               (no ring)
MPRegen 0.08/turn               (no ring)
                                (no ring)
                                (no ring)

@: lethally poisoned (-1 -> -6)
A: almost no armour, amphibious, 8 rings, camouflage 1, gelatinous body 1,
(nimble swimmer 1), tentacles
a: no special abilities


You were on level 2 of the Dungeon.
You visited 1 branch of the dungeon, and saw 2 of its levels.

You collected 48 gold pieces.

Inventory:

Hand Weapons
 a - a +0 trident (weapon)
Armour
 b - a +0 buckler (worn)
Scrolls
 d - 2 scrolls of identify {unknown}
 f - a scroll of enchant armour {unknown}
 g - a scroll of fear {unknown}
Potions
 c - a potion of might
 e - a potion of brilliance {unknown}
 h - a potion of resistance {unknown}


   Skills:
 + Level 3.3 Fighting
 * Level 2.9 Polearms
 + Level 3.3 Dodging
 + Level 3.3 Shields


You had 2 spell levels left.
You didn't know any spells.
Your spell library was empty.

Dungeon Overview and Level Annotations

Branches:
Dungeon (2/15)

Altars:

Shops:
D:1 !


Innate Abilities, Weirdness & Mutations

You cannot wear most types of armour.
You are amphibious.
You can wear up to eight rings at the same time.
Your skin changes colour to match your surroundings (Stealth+).
Your rubbery body absorbs attacks. (AC +1, EV +1)
((You are camouflaged when in or above water. (Stealth+)))
You have tentacles for arms and can constrict up to eight enemies at once.


Message History

There are monsters nearby!
The adder hisses angrily.
An adder comes into view.
The adder bites you. The endoplasm freezes you.
You are frozen.
The adder closely misses you.
You closely miss the adder.
The adder hisses angrily.
Your grab misses the adder. The adder bites you. The endoplasm hits you.
You hit the adder. Your grab misses the adder.
The adder is moderately wounded.
You block the adder's attack. The endoplasm freezes you.
You are frozen.
The adder barely misses you.
You closely miss the adder. Your grab misses the adder.
Your squeeze misses the adder.
The adder is moderately wounded.
The endoplasm barely misses you. The adder completely misses you.
Unknown command.
The endoplasm freezes you.
You are frozen.
The adder bites you.
You are poisoned.
The adder poisons you!
You feel sick.
You feel sick.
You feel sick.
You puncture the endoplasm!
You kill the endoplasm!
You feel sick.
You are no longer poisoned.
You block the adder's attack.
You hit the adder. You grab the adder. You squeeze the adder.
You kill the adder!
The adder misses you.
You miss the adder. Your grab misses the adder. Your squeeze misses the adder.
The adder bites you.
* * * LOW HITPOINT WARNING * * *
You are lethally poisoned!
The adder poisons you! The adder bites you.
You die...

...###....###..8.⌠.8.#
...# ..##.###........#
...# ###.....#####.##
..... #####.(## .####.
...#..........#####......
.(.......................
..##........#.##..###.##
.......#####.#
...######.#@.# ###
#....S#.# #..#.###### #.
### #


You could see an adder.

Vanquished Creatures
  2 adders (D:2)
  2 dart slugs (D:1)
  3 bats
  2 endoplasms
  A giant cockroach (D:1)
  A hobgoblin (D:1)
  3 jackals (D:2)
  A quokka (D:1)
  2 ball pythons
  3 frilled lizards
  2 rats
22 creatures vanquished.

Notes
Turn   | Place    | Note
-------+----------+-------------------------------------------
     0 | D:1      | Hasart the Octopode Fighter began the quest for the Orb.
     0 | D:1      | Reached XP level 1. HP: 16/16 MP: 1/1
   104 | D:1      | Found Xagrec's Distillery.
   269 | D:1      | Reached XP level 2. HP: 21/21 MP: 2/2
   617 | D:2      | Found a faded altar of an unknown god.
   625 | D:2      | Reached XP level 3. HP: 24/26 MP: 3/3
   707 | D:2      | Slain by an adder

Illustrated notes

Levels and vault maps discovered:
D:1:      giann_bridges, layout_basic, serial_shops, nicolae_shop_statue_plus
D:2:      minmay_angry_zag, layout_rooms, hellmonk_ecumenical_altar_dog_temple,
          basic_altar

Action                   || total
-------------------------++-------
Melee: Trident           ||    50
       Constrict         ||    10
       Tentacles         ||     8
 Stab: Sleeping          ||     6
Armor: Skin              ||     3
Dodge: Dodged            ||    21
Block: Buckler           ||     9

Table legend: (Time is in decaauts)
 A = Elapsed time spent in this place.
 B = Non-inter-level travel time spent in this place.
 C = Inter-level travel time spent in this place.
 D = Time resting spent in this place.
 E = Time spent auto-exploring this place.
 F = Levels seen in this place.
 G = Mean time per level.
                   A        B        C        D        E       F      G
               +--------+--------+--------+--------+--------+-----+--------+
         Total |    717 |    690 |     27 |      0 |    553 |   2 |  358.5 |
       Dungeon |    717 |    690 |     27 |      0 |    553 |   2 |  358.5 |
               +--------+--------+--------+--------+--------+-----+--------+

Top non-repeatable levels by time:
     D:1: 565 daAuts
     D:2: 151 daAuts
